 Dungeon Crawl Stone Soup version 0.30.1-3-gfc49f6343a (webtiles) character file.

Game seed: 5987593309334388543

144 Eitelfritz the Slasher (level 5, 0/57 (67) HPs)
             Began as a Minotaur Gladiator on July 16, 2023.
             Was an Initiate of Makhleb.
             Succumbed to Ijyb's poison
             ... on level 3 of the Dungeon on July 22, 2023.
             The game lasted 00:05:03 (2161 turns).

Eitelfritz the Slasher (Minotaur Gladiator)         Turns: 2161, Time: 00:05:03

HP:   0/57 (67)     AC:  3    Str: 19    XL:     5   Next: 5%
MP:   4/4           EV: 12    Int:  7    God:    Makhleb [......]
Gold: 169           SH:  0    Dex: 11    Spells: 4/4 levels left

rFire   . . .        a - +0 long sword
rCold   . . .        (no shield)
rNeg    . . .        v - +0 leather armour
rPois   .            c - +0 hat
rElec   .            (no cloak)
rCorr   .            (no gloves)
SInv    .            (no boots)
Will    .....        (no amulet) Stlth
                     (no ring)
HPRegen 0.29/turn    (no ring)
MPRegen 0.09/turn

%: no passive effects
@: berserking, lethally poisoned (0 -> -17), weak-willed, heavily drained, very
quick
A: horns 2, retaliatory headbutt
a: Renounce Religion


You were on level 3 of the Dungeon.
You worshipped Makhleb.
Makhleb was noncommittal.
You visited 1 branch of the dungeon, and saw 3 of its levels.

You collected 169 gold pieces.

Inventory:

Hand Weapons
 a - a +0 long sword (weapon)
 b - a +1 antimagic sling
Missiles
 d - 3 throwing nets (quivered)
 e - a javelin
 i - 5 boomerangs
Armour
 c - a +0 hat (worn)
 v - a +0 leather armour (worn)
Jewellery
 p - a ring of poison resistance
 s - an amulet of faith
Scrolls
 r - a scroll of enchant weapon {unknown}
Potions
 f - a potion of flight {unknown}
 h - a potion of berserk rage
 n - a potion of mutation {unknown}
 q - a potion of invisibility {unknown}
 t - a potion of heal wounds {unknown}
 u - a potion of might {unknown}


   Skills:
 + Level 3.1 Fighting
 + Level 5.1 Long Blades
 + Level 2.4 Throwing
 + Level 2.2 Armour
 + Level 4.0 Dodging
 + Level 0.3 Stealth


You had 4 spell levels left.
You didn't know any spells.
Your spell library was empty.

Dungeon Overview and Level Annotations

Branches:
Dungeon (3/15)

Altars:
Makhleb
Vehumet

Annotations:
D:3 Grinder, Ijyb, Robin


Innate Abilities, Weirdness & Mutations

You have a pair of horns on your head.
You reflexively headbutt those who attack you in melee.


Message History

Okay, then.
Unknown command.
As you read the scroll labelled GAJIYDD BEGHU, it crumbles to dust.
You hear a loud clanging noise!
It was a scroll of noise.
You feel sick.
You hear a shout! x2
Ijyb misses you. Robin hits you but does no damage.
You feel drained.
Okay, then.
Unknown command.
As you read the scroll labelled URGHUM JUBUGG, it crumbles to dust.
It is a scroll of amnesia.
You feel forgetful for a moment.
You feel sick.
Ijyb hits you with a +5 dagger of venom.
* * * LOW HITPOINT WARNING * * *
You are lethally poisoned!
Robin misses you. You furiously retaliate!
You headbutt Robin!
As you read the scroll labelled INUARY VIOR, it crumbles to dust.
It is a scroll of identify.
h - 2 potions of berserk rage
* * * LOW HITPOINT WARNING * * *
You feel very sick. Robin barely misses you.
Ijyb hits you with a +5 dagger of venom.
* * * LOW HITPOINT WARNING * * *
You are more poisoned.
You feel better.
Grinder blinks!
Robin roars a battlecry!
Ijyb goes into a battle-frenzy!
Ijyb closely misses you.
A red film seems to cover your vision as you go berserk!
You feel yourself moving faster!
You feel mighty!
Ijyb hits you with a +5 dagger of venom!
* * * LOW HITPOINT WARNING * * *
You are lethally poisoned!
Robin hits you with a +0 mace of draining.
* * * LOW HITPOINT WARNING * * *
You feel drained.
* * * LOW HITPOINT WARNING * * *
You closely miss Ijyb.
You die...

##.#.# #..#...#..#
##.#.# #g..._....#
.#.#.# #..#...#..#
...#.# #.###.###.#
##...########
##..#†..#..#
............#
*#.J........#
.#.#.######.#
##..###...##.#
.#.#.#
#.####.#.#####....#
,#.#.#
#)#.5g@g.......####
,....#
#.#..#########..,*
*##..# #....# ###.*
#..# ##.### *.#
#..# #.** *,# *,**
#** *******,**
***,*
********,*,,,+,,*
,,,,*
*,,,**,,*,*,,,,,*
***,*
*,,,+,****,,,,,,*


You could see Grinder (weak-willed), Ijyb (strong, weak-willed) and Robin
(weak-willed).

Vanquished Creatures
  6 adders
  3 worms (D:2)
  2 dart slugs (D:1)
  An orc (D:3)
  6 ball pythons
  5 endoplasms
  3 giant cockroaches
  15 goblins
  8 hobgoblins
  2 jackals (D:1)
  5 kobolds
  A quokka (D:2)
  3 bats (D:1)
  5 frilled lizards
  10 rats
75 creatures vanquished.

Notes
Turn   | Place    | Note
-------+----------+-------------------------------------------
     0 | D:1      | Eitelfritz the Minotaur Gladiator began the quest for the
                  | Orb.
     0 | D:1      | Reached XP level 1. HP: 18/18 MP: 0/0
   123 | D:1      | Reached XP level 2. HP: 22/25 MP: 1/1
   414 | D:1      | Reached skill level 4 in Long Blades
   414 | D:1      | Reached XP level 3. HP: 30/30 MP: 2/2
   466 | D:1      | Reached skill level 1 in Armour
   636 | D:2      | Upgraded the game from 0.30.1-1-g62c8e00024 to
                  | 0.30.1-3-gfc49f6343a
   997 | D:2      | Found a burning altar of Makhleb.
  1209 | D:2      | Reached XP level 4. HP: 37/37 MP: 3/3
  1220 | D:2      | Became a worshipper of Makhleb the Destroyer
  1402 | D:2      | Found a faded altar of an unknown god.
  1988 | D:3      | Reached skill level 5 in Long Blades
  2085 | D:3      | Found a radiant altar of Vehumet.
  2091 | D:3      | Reached XP level 5. HP: 42/45 MP: 4/4
  2121 | D:3      | Noticed Grinder
  2122 | D:3      | Noticed Ijyb
  2122 | D:3      | Noticed Robin
  2161 | D:3      | Succumbed to Ijyb's poison

Illustrated notes

Levels and vault maps discovered:
D:1:      wander_arrival_estate, layout_loops_ring
D:2:      layout_loops_ring, shapermc_ecumenical_altar_gd, basic_altar,
          minmay_pentomino_q4
D:3:      corexii_shack_village, layout_loops_ring, vehumet_crystals,
          tso_metal_star, zin_statuary, nicolae_goblin_pals, uniq_ijyb,
          uniq_grinder, uniq_crazy_yiuf_cottage

Skill      XL: |  1  2  3  4 |
---------------+-------------+-----
Long Blades    | 4 5 |  5.1
Armour         | 1 2 |  2.2
Dodging        | 4 |  4.0
Fighting       | 3 |  3.1
Throwing       | |  2.4
Stealth        | |  0.3

Action                     |  1- 3 |  4- 6 || total
---------------------------+-------+-------++-------
  Melee: Long sword        |    97 |    61 ||   158
         Headbutt          |    11 |    10 ||    21
         Punch             |     1 |       ||     1
    Use: Scroll            |       |     5 ||     5
         Potion            |       |     3 ||     3
   Stab: Sleeping          |     1 |       ||     1
 Armour: Leather armour    |    35 |    14 ||    49
  Dodge: Dodged            |    61 |    42 ||   103
